 Dungeon Crawl Stone Soup version 0.17-a0-1176-g3d5a0d0 (webtiles) character file.

21 Gorice the Shooter (level 2, 0/16 HPs)
             Began as a Deep Elf Wanderer on May 30, 2015.
             Killed from afar by Natasha (9 damage)
             ... with a magic dart
             ... on level 2 of the Dungeon.
             The game lasted 00:04:33 (1190 turns).

Gorice the Shooter (Deep Elf Wanderer)              Turns: 1190, Time: 00:04:40

Health: 0/16       AC:  4    Str:  7    XL:     2   Next: 65%
Magic:  4/4        EV: 10    Int: 19    God:
Gold:   55         SH:  0    Dex: 13    Spells: 0 memorised, 1 level left

rFire  . . .     SeeInvis .     a - +0 short sword
rCold  . . .     Clarity  .     i - +1 leather armour
rNeg   . . .     SustAt   .     (no shield)
rPois  .         Gourm    .     (no helmet)
rElec  .         Spirit   .     (no cloak)
rCorr  .         Warding  .     (no gloves)
rMut   .         Stasis   .     (no boots)
MR     .....                    (no amulet)
Stlth  +.........               (no ring)
                                (no ring)

@: not resistant to hostile enchantments, very unstealthy
A: no striking features
a: no special abilities


You were on level 2 of the Dungeon.
You were not hungry.

You visited 1 branch of the dungeon, and saw 2 of its levels.

You collected 55 gold pieces.

Inventory:

Hand weapons
 a - a +0 short sword (weapon)
 l - a +0 hunting sling
Missiles
 d - 25 arrows
 Z - 18 stones (quivered)
Armour
 i - a +1 leather armour (worn)
 m - a cursed +0 scale mail
Potions
 b - a potion of curing
 f - a potion of heal wounds {!q}
 g - 4 potions of flight
 n - a potion of ambrosia {unknown}
 o - a potion of invisibility {unknown}
Miscellaneous
 c - a stone of tremors
Comestibles
 e - a bread ration {!e}
 s - a meat ration {!e}


   Skills:
 + Level 0.8 Fighting
 * Level 3.0 Short Blades
   Level 3.2 Bows
 - Level 1.1 Throwing
 - Level 1.5 Armour
 - Level 1.2 Stealth
 - Level 1.1 Evocations


You had one spell level left.
You didn't know any spells.

Dungeon Overview and Level Annotations

Branches:
Dungeon (2/15)

Altars:

Annotations:
D:2 Natasha


Message History

The jackal is moderately wounded.
The jackal misses you.
You hit the jackal but do no damage.
The jackal is moderately wounded.
The jackal bites you. x2
Damage: 3 (max 3)
You hit the jackal.
The jackal is heavily wounded.
The jackal barely misses you.
All of the chunks of flesh in your inventory have rotted away.
You hit the jackal.
You kill the jackal!
You hit the jackal.
The jackal is moderately wounded.
The jackal bites you but does no damage.
You closely miss the jackal.
The jackal is moderately wounded.
The jackal misses you. The jackal barely misses you.
You hit the jackal.
The jackal is almost dead.
The jackal closely misses you.
You barely miss the jackal.
The jackal is almost dead.
The jackal bites you but does no damage.
You miss the jackal.
The jackal is almost dead.
The jackal barely misses you. x2
You hit the jackal.
You kill the jackal!
Your Short Blades skill increases to level 3!
You completely miss the jackal. The jackal barely misses you.
You hit the jackal.
The jackal is severely wounded.
The jackal closely misses you. The jackal barely misses you.
You closely miss the jackal.
The jackal is severely wounded.
The jackal bites you but does no damage.
You closely miss the jackal.
The jackal is severely wounded.
The jackal bites you but does no damage.
You closely miss the jackal.
The jackal is severely wounded.
The jackal bites you but does no damage. x2
You barely miss the jackal.
The jackal is severely wounded.
Natasha hisses angrily.
Natasha stares at you and mumbles some strange words.
The magic dart hits you!
Ouch! That really hurt!
You die...

#.........)#
#......>...+
.[.........# ..
h.hh.......#...
....h....$.#...
#.........>....
#......?.......
###########.#......
h......@h.........%
###########.#......
########.#......
................
########.#......
######.#......
#........#####
#........#
#=.......#


You could see Natasha and a jackal.

Vanquished Creatures
  3 giant cockroaches (D:1)
  3 goblins (D:1)
  2 hobgoblins (D:1)
  2 jackals (D:2)
  A ball python (D:1)
  3 bats (D:1)
  3 kobolds (D:1)
  4 rats (D:1)
21 creatures vanquished.

Notes
Turn   | Place    | Note
--------------------------------------------------------------
     0 | D:1      | Gorice the Deep Elf Wanderer began the quest for the Orb.
     0 | D:1      | Gorice set off with: a potion of curing, a +0 short sword, a +0 robe, a bread ration {!e}, a stone of tremors
     0 | D:1      | Reached XP level 1. HP: 10/10 MP: 3/3
   420 | D:1      | Reached XP level 2. HP: 16/16 MP: 4/4
  1157 | D:2      | Noticed Natasha
  1184 | D:2      | Reached skill level 3 in Short Blades
  1190 | D:2      | Killed from afar by Natasha

Vault maps used:
D:1:      tarquinn_simple_flora_water_e, glass_columns_a
D:2:      nemelex_xobeh_ov_fountains_minmay, minmay_misc_feat_hallway,
          hex_medium, uniq_sigmund, uniq_natasha

Action                   || total
-------------------------++-------
Melee: Short sword       ||   106
Throw: Stone             ||     4
  Use: Scroll            ||     7
 Stab: Sleeping          ||     2
  Eat: Chunk             ||     1

Table legend:
 A = Turns spent in this place as a percentage of turns spent in the entire game.
 B = Non-inter-level travel turns spent in this place as a percentage of non-inter-level travel turns spent in the entire game.
 C = Inter-level travel turns spent in this place as a percentage of turns spent in this place.
 D = Turns resting spent in this place as a percentage of non-inter-level travel turns spent in this place.
 E = Turns spent auto-exploring this place as a percentage of non-inter-level travel turns spent in this place.
 F = Non-inter-level travel turns spent in this place divided by the number of levels of this place that you've seen.
                   A       B       C       D       E      F
               +-------+-------+-------+-------+-------+----------------------
         Total | 100.0 | 100.0 |   0.3 |   1.3 |   6.8 | 191.0
       Dungeon | 100.0 | 100.0 |   0.3 |   1.3 |   6.8 | 191.0
               +-------+-------+-------+-------+-------+----------------------

Vault maps used:
D:1:      tarquinn_simple_flora_water_e, glass_columns_a
D:2:      nemelex_xobeh_ov_fountains_minmay, minmay_misc_feat_hallway,
          hex_medium, uniq_sigmund, uniq_natasha
